 Dungeon Crawl Stone Soup version 0.26-a0-683-g5206c1d7ac (webtiles) character file.

Game seed: 1900309100457936402

83 grandjackal the Chopper (level 4, -9/41 HPs)
             Began as a Hill Orc Monk on Oct 22, 2020.
             Mangled by an iguana (11 damage)
             ... on level 4 of the Dungeon.
             The game lasted 00:01:43 (1618 turns).

grandjackal the Chopper (Hill Orc Monk)             Turns: 1618, Time: 00:01:43

Health: -9/41      AC:  8    Str: 13    XL:     4   Next: 44%
Magic:  4/4        EV:  6    Int: 11    God:
Gold:   191        SH:  0    Dex: 13    Spells: 3/3 levels left

rFire    . . .     SeeInvis .   e - +2 hand axe (pain)
rCold    . . .     Faith    .   (no shield)
rNeg     . . .     Spirit   .   g - +0 chain mail
rPois    .         Reflect  .   (no helmet)
rElec    .         Harm     .   (no cloak)
rCorr    .         Rampage  .   (no gloves)
MR       .....                  (no boots)
Stlth    ..........             (no amulet)
HPRegen  0.13/turn              (no ring)
MPRegen  0.09/turn              (no ring)

@: no status effects
A: no striking features
a: no special abilities


You were on level 4 of the Dungeon.
You visited 1 branch of the dungeon, and saw 3 of its levels.

You collected 191 gold pieces.

Inventory:

Hand Weapons
 a - a +0 war axe
 e - a +2 hand axe of pain (weapon)
Armour
 g - a +0 chain mail (worn)
Scrolls
 b - 2 scrolls of identify {unknown}
 d - a scroll of fog {unknown}
Potions
 c - 2 potions of flight {unknown}
 f - a potion of lignification {unknown}
 h - a potion of might {unknown}


   Skills:
 + Level 4.6 Fighting
 + Level 5.1 Axes
 + Level 2.2 Armour
 - Level 2.4 Dodging
 - Level 1.5 Stealth


You had 3 spell levels left.
You didn't know any spells.
Your spell library was empty.

Dungeon Overview and Level Annotations

Branches:
Dungeon (2/15)

Altars:
The Shining One


Message History

The iguana barely misses you.
You closely miss the iguana.
The iguana is heavily wounded.
The iguana bites you.
* * * LOW HITPOINT WARNING * * *
You barely miss the iguana.
The iguana is heavily wounded.
The iguana bites you.
* * * LOW HITPOINT WARNING * * *
You hit the iguana.
The iguana is heavily wounded.
The iguana bites you!
* * * LOW HITPOINT WARNING * * *
You barely miss the iguana.
The iguana is heavily wounded.
The iguana barely misses you.
You closely miss the iguana.
The iguana is heavily wounded.
The iguana bites you!
You die...

..# .# #.#### #.## #
#....##...#.# ##
#............ ...
#.##..#...#.#
....#####...........#
#.........##..##.### ##
#..(.....###.)##.######..
#.......@.##..##.##.....#
####...l.................
.........##..########..#
#..##.....##..# #..# #..
#.#.#.##..# #..# ..
..###...... #..# .#.
.##### #..# #. .# #..#
#..#


You could see an iguana.

Vanquished Creatures
  A bullfrog skeleton (D:4)
  An adder (D:2)
  An ooze (D:2)
  A worm (D:2)
  A leopard gecko (D:2)
  An orc (D:4)
  3 ball pythons
  A giant cockroach (D:1)
  A goblin (D:2)
  2 hobgoblins
  7 jackals
  A quokka (D:2)
  3 bats
  4 frilled lizards
  2 kobolds
  A quokka skeleton (D:4)
  7 rats
38 creatures vanquished.

Notes
Turn   | Place    | Note
-------+----------+-------------------------------------------
     0 | D:1      | grandjackal the Hill Orc Monk began the quest for the Orb.
     0 | D:1      | Reached XP level 1. HP: 19/19 MP: 1/1
    36 | D:1      | Reached XP level 2. HP: 17/27 MP: 2/2
   329 | D:1      | Reached skill level 1 in Armour
   797 | D:1      | Found a glowing golden altar of the Shining One.
   998 | D:2      | Reached XP level 3. HP: 30/33 MP: 3/3
  1542 | D:2      | You fall into a shaft and drop 2 floors!
  1581 | D:4      | Reached skill level 5 in Axes
  1581 | D:4      | Reached XP level 4. HP: 39/41 MP: 4/4
  1616 | D:4      | HP: 1/41 [iguana (8)]
  1618 | D:4      | Mangled by an iguana

Illustrated notes

Levels and vault maps discovered:
D:1:      lightli_arrival_boilingwater, layout_loops_ring, tso_altar
D:2:      minmay_skewed_foursquare, layout_basic, minmay_pentomino_z4
D:4:      layout_loops_ring, minmay_temple_entry_offerings,
          ebering_ghost_reflecting_pool, yredelemnul_altar_generic, uniq_sigmund

Skill      XL: |  1  2  3 |
---------------+----------+-----
Armour         | 1 2 |  2.2
Fighting       | 4 |  4.6
Axes           | 5 |  5.1
Dodging        | |  2.4
Stealth        | |  1.5

Action                   |  1- 3 |  4- 6 || total
-------------------------+-------+-------++-------
Melee: Hand axe          |   113 |     9 ||   122
 Stab: Sleeping          |     3 |       ||     3
Armor: Robe              |     8 |       ||     8
       Ring mail         |    18 |       ||    18
       Chain mail        |    14 |     2 ||    16
Dodge: Dodged            |    60 |     2 ||    62

Table legend: (Time is in decaauts)
 A = Elapsed time spent in this place.
 B = Non-inter-level travel time spent in this place.
 C = Inter-level travel time spent in this place.
 D = Time resting spent in this place.
 E = Time spent auto-exploring this place.
 F = Levels seen in this place.
 G = Mean time per level.
                   A        B        C        D        E       F      G
               +--------+--------+--------+--------+--------+-----+--------+
         Total |   1628 |   1609 |     19 |    230 |   1034 |   3 |  542.7 |
       Dungeon |   1628 |   1609 |     19 |    230 |   1034 |   3 |  542.7 |
               +--------+--------+--------+--------+--------+-----+--------+

Top non-repeatable levels by time:
     D:1: 938 daAuts
     D:2: 612 daAuts
     D:4: 76 daAuts
